 Dungeon Crawl Stone Soup version 0.30-b1-2-g02819fbbbe (webtiles) character file.

Game seed: 16174933667870351144

291 Alarkh the Shooter (level 6, 0/44 HPs)
             Began as a Demonspawn Hunter on July 7, 2023.
             Slain by a scorpion (1 damage)
             ... on level 4 of the Dungeon.
             The game lasted 00:02:20 (2450 turns).

Alarkh the Shooter (Demonspawn Hunter)              Turns: 2450, Time: 00:02:20

Health: 0/44       AC:  3    Str: 11    XL:     6   Next: 10%
Magic:  6/6        EV: 14    Int: 13    God:
Gold:   183        SH:  0    Dex: 16    Spells: 5/5 levels left

rFire   . . .        a - +0 shortbow
rCold   . . .        (shield currently unavailable)
rNeg    . . .        c - +0 leather armour
rPois   .            (no helmet)
rElec   .            (no cloak)
rCorr   .            (no gloves)
SInv    .            (no boots)
Will    .....        (no amulet)
Stlth   +            (no ring)
HPRegen 0.27/turn    (no ring)
MPRegen 0.10/turn

%: no passive effects
@: lethally poisoned (0 -> -1)
A: repulsion field 2, powered by pain 1
a: no special abilities


You were on level 4 of the Dungeon.
You visited 1 branch of the dungeon, and saw 4 of its levels.

You collected 183 gold pieces.

Inventory:

Hand Weapons
 a - a +0 shortbow (weapon)
 b - a +3 dagger
Armour
 c - a +0 leather armour (worn)
Magical Staves
 d - a staff of cold
Scrolls
 g - a scroll of poison
 i - a scroll of teleportation
 k - a scroll of immolation
 l - a scroll of blinking {unknown}
 n - 3 scrolls of fog {unknown}
 o - 2 scrolls of identify
Potions
 e - a potion of attraction
 h - a potion of resistance
 j - a potion of haste
 m - a potion of lignification {unknown}


   Skills:
 - Level 2.0 Fighting
 + Level 6.8 Ranged Weapons
 - Level 1.7 Dodging
 - Level 0.8 Stealth


You had 5 spell levels left.
You didn't know any spells.
Your spell library contained the following spells:

 Spells                   Type           Power      Damage    Failure   Level
 Static Discharge         Conj/Air       0%         2-2/arc   52%         2
 Airstrike                Air            0%         2d(0-16)  99%         4
 Summon Lightning Spire   Summ/Air       0%         N/A       99%         4


Dungeon Overview and Level Annotations

Branches:
Dungeon (4/15)
 Temple: D:4-7

Altars:
Ashenzari
Dithmenos
Xom


Innate Abilities, Weirdness & Mutations

You are surrounded by a moderate repulsion field. (EV +3)
You sometimes gain a little power by taking damage.


Message History

The scorpion stings you but does no damage.
You feel better. The scorpion barely misses you.
You shoot an arrow. The arrow closely misses the scorpion.
The scorpion stings you.
You are poisoned.
The scorpion poisons you! The scorpion stings you.
You shoot an arrow. The arrow barely misses the scorpion.
You feel sick. The scorpion stings you.
You shoot an arrow. The arrow hits the scorpion.
The scorpion is heavily wounded.
You feel sick. The scorpion stings you.
You are more poisoned.
The scorpion poisons you!
You feel better. The scorpion misses you. The scorpion stings you.
You are poisoned.
The scorpion poisons you!
You shoot an arrow. The arrow closely misses the scorpion.
You feel very sick. The scorpion stings you.
You shoot an arrow.
The arrow hits the scorpion but does no damage.
The scorpion is heavily wounded.
You feel sick. The scorpion stings you.
* * * LOW HITPOINT WARNING * * *
The scorpion closely misses you.
You shoot an arrow. The arrow closely misses the scorpion.
You feel sick.
The scorpion stings you but does no damage.
You shoot an arrow.
The arrow hits the scorpion but does no damage.
The scorpion is heavily wounded.
You feel sick. The scorpion closely misses you. x2
You shoot an arrow. The arrow hits the scorpion.
The scorpion is heavily wounded.
You feel sick. The scorpion stings you.
* * * LOW HITPOINT WARNING * * *
You shoot an arrow. The arrow hits the scorpion.
The scorpion is severely wounded.
* * * LOW HITPOINT WARNING * * *
You feel sick. The scorpion stings you.
You die...

### .... .....
############......
#.........@s......
#.#####.####......
#.# #.# ..... #.#
#.# .... #.# #.#
.#. #.# ##.# # #.#
#... #.# #.##
#.####.#


You could see a scorpion.

Vanquished Creatures
  Sigmund (D:3)
  4 adders
  3 worms
  2 dart slugs
  2 orcs (D:3)
  5 endoplasms
  2 giant cockroaches (D:1)
  6 goblins
  7 hobgoblins
  7 jackals
  6 kobolds
  2 quokkas
  8 ball pythons
  4 bats
  3 frilled lizards
  7 rats
69 creatures vanquished.

Vanquished Creatures (others)
  6 plants (D:1)
6 creatures vanquished.

Grand Total: 75 creatures vanquished

Notes
Turn   | Place    | Note
-------+----------+-------------------------------------------
     0 | D:1      | Alarkh the Demonspawn Hunter began the quest for the Orb.
     0 | D:1      | Reached XP level 1. HP: 16/16 MP: 1/1
   165 | D:1      | Reached skill level 4 in Ranged Weapons
   168 | D:1      | Gained mutation: You are surrounded by a mild repulsion
                  | field. (EV +2) [demonic ancestry]
   168 | D:1      | Reached XP level 2. HP: 16/22 MP: 2/2
   447 | D:1      | Reached XP level 3. HP: 27/27 MP: 3/3
   953 | D:2      | Found a shimmering altar of Xom.
   964 | D:2      | Reached skill level 5 in Ranged Weapons
  1191 | D:2      | Gained mutation: You sometimes gain a little power by
                  | taking damage. [demonic ancestry]
  1191 | D:2      | Reached XP level 4. HP: 31/33 MP: 4/4
  1557 | D:3      | Noticed Sigmund
  1571 | D:3      | Killed Sigmund
  1572 | D:3      | Reached skill level 6 in Ranged Weapons
  1572 | D:3      | Gained mutation: You are surrounded by a moderate repulsion
                  | field. (EV +3) [demonic ancestry]
  1572 | D:3      | Reached XP level 5. HP: 25/38 MP: 5/5
  1854 | D:3      | Found a broken altar of Ashenzari.
  1861 | D:3      | Reached XP level 6. HP: 44/44 MP: 6/6
  2323 | D:3      | Found a shadowy altar of Dithmenos.
  2449 | D:4      | HP: 2/44 [scorpion (3)]
  2450 | D:4      | Slain by a scorpion

Illustrated notes

Levels and vault maps discovered:
D:1:      dpeg_arrival_stone_temple_mockup, layout_loops_ring,
          lexackson_kobold_supper
D:2:      layout_basic, basic_altar
D:3:      layout_loops_corners, evilmike_ruin_ashenzari, marbit_many_paths,
          chequers_serial_rivers_micro_d, uniq_sigmund
D:4:      layout_loops_ring, bloody_makhleb, temple_fountains,
          minmay_misc_feat_columns, chequers_serial_rivers_micro_a,
          minmay_misc_feat_diagonals

Skill      XL: |  1  2  3  4 |
---------------+-------------+-----
Ranged Weapons | 4 5 6 |  6.8
Fighting       | |  2.0
Dodging        | |  1.7
Stealth        | |  0.8

Action                     |  1- 3 |  4- 6 || total
---------------------------+-------+-------++-------
   Fire: Shortbow          |   109 |    74 ||   183
    Use: Scroll            |       |     5 ||     5
         Potion            |       |     3 ||     3
 Armour: Leather armour    |    12 |     5 ||    17
  Dodge: Dodged            |    34 |    22 ||    56
